 Dungeon Crawl Stone Soup version 0.23.2-1-ga50397a (webtiles) character file.

Game seed: 10916309990662895921

5716 Mrkaede the Spear-Bearer (level 10, -2/80 HPs)
             Began as a Minotaur Fighter on Apr 27, 2019.
             Was a Believer of Hepliaklqana.
             Hit by a tomahawk thrown by an orc (4 damage)
             ... on level 9 of the Dungeon.
             The game lasted 00:18:00 (8558 turns).

Mrkaede the Spear-Bearer (Minotaur Fighter)         Turns: 8558, Time: 00:18:01

Health: -2/80      AC: 16    Str: 23    XL:     10   Next: 48%
Magic:  20/20      EV:  9    Int:  5    God:    Hepliaklqana [**....]
Gold:   551        SH: 11    Dex: 11    Spells: 9/9 levels left

rFire    . . .     SeeInvis .   B - +3 spear
rCold    + . .     Gourm    .   c - +0 shield
rNeg     . . .     Faith    .   C - +4 chain mail
rPois    .         Spirit   .   (helmet restricted)
rElec    .         Reflect  .   v - scarf {cloud immunity}
rCorr    .         Harm     .   E - +0 pair of gloves
MR       .....                  (no boots)
Stlth    ..........             (no amulet)
HPRegen  0.23/turn              w - ring of magical power
MPRegen  0.17/turn              G - ring of protection from cold

@: hasted, very quick
A: retaliatory headbutt, reduced essence, horns 2
a: Recall Ancestor, Ancestor Identity, Renounce Religion


You were on level 9 of the Dungeon.
You worshipped Hepliaklqana.
Hepliaklqana was pleased with you.
You were not hungry.

You visited 2 branches of the dungeon, and saw 10 of its levels.
You also visited: Sewer.

You collected 551 gold pieces.

Inventory:

Hand Weapons
 a - a +0 trident
 B - a +3 spear (weapon)
Missiles
 F - 3 poisoned tomahawks (quivered)
Armour
 b - a +0 scale mail
 c - a +0 shield (worn)
 i - a +0 chain mail
 v - a scarf of cloud immunity (worn)
 C - a +4 chain mail (worn)
 E - a +0 pair of gloves (worn)
Jewellery
 w - a ring of magical power (left hand)
 G - a ring of protection from cold (right hand)
Wands
 o - a wand of random effects (27)
 q - a wand of polymorph (9)
 x - a wand of enslavement (4)
 D - a wand of flame (12)
Scrolls
 e - 6 scrolls of remove curse
 g - a scroll of random uselessness
 h - 2 scrolls of enchant armour {unknown}
 j - 3 scrolls of fog {unknown}
 k - 2 scrolls of fear {unknown}
 p - a scroll of blinking
 t - a scroll of identify
 y - 2 scrolls of immolation {unknown}
 H - a scroll of amnesia
 K - a scroll of acquirement {unknown}
Potions
 d - 3 potions of flight
 l - 2 potions of curing
 m - 2 potions of magic
 n - 2 potions of cancellation {unknown}
 r - a potion of resistance
 s - 3 potions of brilliance
 u - 3 potions of degeneration
 z - a potion of lignification {unknown}
 A - a potion of haste
 I - a potion of heal wounds {unknown}
Comestibles
 f - 18 rations


   Skills:
 * Level 8.3 Fighting
 * Level 9.3 Polearms
 + Level 3.6 Throwing
 * Level 8.6 Armour
 + Level 4.4 Dodging
 * Level 9.0 Shields
 + Level 4.0 Unarmed Combat
 + Level 3.4 Evocations


You had 9 spell levels left.
You didn't know any spells.
Your spell library was empty.

Dungeon Overview and Level Annotations

Branches:
Dungeon (9/15)             Temple (1/1) D:4             Orc (0/2) D:9
   Lair: D:8-11

Altars:
Ashenzari
Dithmenos
Elyvilon
Fedhas
Gozag
Hepliaklqana
Kikubaaqudgha
Makhleb
Nemelex Xobeh
Okawaru
Qazlal
Ru
Sif Muna
Trog
Uskayaw
Vehumet
Xom
Yredelemnul
The Shining One
Beogh

Shops:
D:5 *   D:6 }


Innate Abilities, Weirdness & Mutations

You reflexively headbutt those who attack you in melee.
You have a pair of horns on your head.
Your life essence is reduced to manifest your ancestor. (-10% HP)


Message History

Aim: an orc, wielding a +0 hand axe You reach to attack!
You barely miss the orc.
Dusana closely misses the orc.
The orc priest looks encouraged for a moment.
Attack whom?
Press: ? - help, Dir - move target cursor, f/p - orc
Aim: an orc, wielding a +0 hand axe You could not reach far enough!
The orc hits your ogre with a +0 mace!
The orc hits Dusana but does no damage.
Your ogre closely misses the orc.
Attack whom?
Press: ? - help, Dir - move target cursor, f/p - orc
Aim: an orc, wielding a +0 hand axe You reach to attack!
You puncture the orc!
You kill the orc!
The orc priest invokes the aid of Beogh against something.
Beogh smites you!
* * * LOW HITPOINT WARNING * * *
The orc curses noisily, as Orcs often do.
The orc throws a tomahawk.
The tomahawk closely misses Dusana.
The tomahawk hits you.
You die...

####+#######
#..........#######.#
#.........)R@Oo.....
#......##8)8#####8'8
#......#oooo.o8
#......#oooo.o..
####†###..oo.oooo
#...# #........o
###.### #......>?.
#...# ###########
#.###


You could see the friendly Dusana the knight, 2 orc priests, 9 orcs and a
friendly ogre.

Vanquished Creatures
  A queen bee (D:8)
  A troll (D:6)
  The ghost of Rwicked the Cudgeler, an amateur GrMo (D:3)
  A water moccasin (D:8)
  2 ice beasts
  A sky beast (D:6)
  2 orc warriors
  A necrophage (D:9)
  An ogre (D:8)
  3 wolves (D:9)
  A centaur (D:5)
  3 big kobolds (Sewer)
  A bullfrog (D:7)
  A gnoll sergeant (D:6)
  2 scorpions
  17 killer bees (D:8)
  An electric eel (D:9)
  3 wights
  2 howler monkeys
  A quasit (D:6)
  10 hounds
  A jelly (D:6)
  3 bullfrog skeletons
  2 orc priests (D:7)
  2 orc wizards
  A gnoll shaman (D:5)
  Jessica (D:3)
  2 worker ants
  Terence (D:2)
  Natasha (thrice) (D:2)
  3 iguanas
  A worker ant zombie (D:8)
  Robin (D:2)
  8 gnolls
  A howler monkey skeleton (D:5)
  4 river rats
  10 adders
  3 shadow imps
  3 oozes
  2 adder skeletons (D:6)
  5 worms
  2 dart slugs
  9 leopard geckos
  17 orcs
  7 ball pythons
  8 giant cockroaches
  11 goblins
  14 hobgoblins
  11 jackals
  9 quokkas
  A ball python skeleton (D:6)
  9 bats
  5 frilled lizards
  A jackal zombie (D:5)
  16 kobolds
  A quokka skeleton (D:4)
  11 rats
245 creatures vanquished.

Vanquished Creatures (collateral kills)
  A troll (D:9)
  2 orc warriors (D:9)
  A centaur (D:7)
  A big kobold (D:8)
  A bullfrog (D:9)
  6 killer bees (D:8)
  4 wights
  A howler monkey (D:6)
  A hound (D:9)
  A jelly (D:5)
  A bullfrog skeleton (D:6)
  2 orc wizards
  2 worker ants
  A gnoll (D:5)
  A leopard gecko (D:7)
  9 orcs
35 creatures vanquished.

Vanquished Creatures (others)
  A knight (D:8)
  4 ancestors
5 creatures vanquished.

Grand Total: 285 creatures vanquished

Notes
Turn   | Place    | Note
-------+----------+-------------------------------------------
     0 | D:1      | Mrkaede the Minotaur Fighter began the quest for the Orb.
     0 | D:1      | Reached XP level 1. HP: 19/19 MP: 0/0
   145 | D:1      | Reached XP level 2. HP: 24/27 MP: 1/1
   454 | D:1      | Reached XP level 3. HP: 31/33 MP: 2/2
   852 | D:2      | Found a shadowy altar of Dithmenos.
   966 | D:2      | Noticed Natasha
   977 | D:2      | Killed Natasha
   977 | D:2      | Reached skill level 5 in Shields
   977 | D:2      | Reached XP level 4. HP: 38/40 MP: 3/3
  1022 | D:2      | Noticed Robin
  1029 | D:2      | Killed Robin
  1067 | D:2      | Noticed Terence
  1072 | D:2      | Killed Terence
  1072 | D:2      | Reached XP level 5. HP: 46/46 MP: 4/4
  1216 | D:2      | Noticed Natasha
  1228 | D:2      | Killed Natasha
  1311 | D:2      | Noticed Natasha
  1319 | D:2      | Killed Natasha
  1402 | D:3      | Reached skill level 1 in Dodging
  1490 | D:3      | Noticed Jessica
  1501 | D:3      | Killed Jessica
  1619 | D:3      | Found a runed translucent gate.
  1620 | D:3      | Found a runed translucent gate.
  1620 | D:3      | Found a runed translucent gate.
  1621 | D:3      | Noticed Rwicked's ghost (amateur GrMo)
  1636 | D:3      | Killed Rwicked's ghost
  1636 | D:3      | Reached skill level 5 in Polearms
  1636 | D:3      | Reached XP level 6. HP: 53/53 MP: 5/5
  1762 | D:3      | Found a faded altar of an unknown god.
  2081 | D:4      | Found a glowing drain.
  2087 | Sewer    | Entered a sewer
  2207 | Sewer    | Reached skill level 5 in Armour
  2207 | Sewer    | Reached XP level 7. HP: 56/60 MP: 6/6
  2296 | Sewer    | Reached skill level 5 in Fighting
  2621 | D:4      | Found a staircase to the Ecumenical Temple.
  2636 | Temple   | Entered the Ecumenical Temple
  2704 | Temple   | Became a worshipper of Hepliaklqana the Forgotten
  3093 | D:5      | Entered Level 5 of the Dungeon
  3098 | D:5      | Found Fucu's General Store.
  3363 | D:5      | Reached skill level 1 in Unarmed Combat
  3575 | D:5      | Reached XP level 8. HP: 62/62 MP: 7/7
  3578 | D:5      | Reached skill level 1 in Throwing
  3584 | D:5      | Reached skill level 1 in Evocations
  4176 | D:6      | Reached * piety under Hepliaklqana
  5009 | D:6      | Reached XP level 9. HP: 70/70 MP: 9/9
  5014 | D:6      | Found Bomeit's Gadget Emporium.
  5702 | D:7      | Noticed a troll
  5964 | D:6      | Killed a troll
  6670 | D:7      | Reached ** piety under Hepliaklqana
  6671 | D:7      | Remembered your ancestor Dusana as a knight
  7371 | D:8      | Found a stormy altar of Qazlal.
  7448 | D:8      | Noticed a queen bee
  7475 | D:8      | Killed a queen bee
  7477 | D:8      | Reached XP level 10. HP: 66/79 MP: 11/11
  7663 | D:8      | Found a hide-covered altar of Uskayaw.
  7663 | D:8      | Found a faded altar of an unknown god.
  7673 | D:8      | Found a basalt altar of Yredelemnul.
  7675 | D:8      | Found a faded altar of an unknown god.
  7677 | D:8      | Found a deep blue altar of Sif Muna.
  8500 | D:9      | Found a roughly hewn altar of Beogh.
  8500 | D:9      | Found a staircase to the Orcish Mines.
  8558 | D:9      | HP: 2/80 [orc priest/divine providence (12)]
  8558 | D:9      | Hit by a tomahawk thrown by an orc

Skill      XL: |  1  2  3  4  5  6  7  8  9 10 |
---------------+-------------------------------+-----
Shields        | 4 5 6 7 8 9 |  9.0
Armour         | 4 5 6 8 |  8.6
Polearms       | 3 5 6 7 8 9 |  9.3
Fighting       | 4 5 6 7 8 |  8.3
Dodging        | 1 2 3 4 |  4.4
Unarmed Combat | 1 2 3 4 |  4.0
Throwing       | 2 3 |  3.6
Evocations     | 1 3 |  3.4

Action                   |  1- 3 |  4- 6 |  7- 9 | 10-12 || total
-------------------------+-------+-------+-------+-------++-------
Melee: Trident           |   127 |   183 |   196 |       ||   506
       Headbutt          |    13 |    23 |    71 |    20 ||   127
       Spear             |       |       |   289 |   169 ||   458
Invok: Ancestor Life: Kn |       |       |     1 |       ||     1
Evoke: Wand              |       |       |       |     3 ||     3
  Use: Potion            |       |     1 |     6 |     1 ||     8
       Scroll            |       |     9 |     6 |       ||    15
 Stab: Distracted        |       |       |     1 |     1 ||     2
  Eat: Chunk             |       |     5 |    14 |     3 ||    22
       Ration            |       |       |     1 |       ||     1
Armor: Scale mail        |    20 |       |       |       ||    20
       Chain mail        |    39 |    55 |   147 |    38 ||   279
Dodge: Dodged            |    37 |    31 |   103 |    62 ||   233
Block: Shield            |    74 |    69 |   182 |    64 ||   389
